Map: Newkirk Precinct TE (Void)

Players

CatZ - Winner!

  • Race: Zerg Zerg
  • Spawn Location: 7:00

NonY

  • Race: Protoss Protoss
  • Spawn Location: 5:00

Event: WCS Austin 2017

VOD

Have the link to the VOD?

Description

Time

  • Played on: April 28, 2017, 1:34 p.m.
  • Length: 15:42

All games in this series

Show
View Real Time Build Order
Export as new Build Order

CatZ Zerg - Winner!

Build Orders: 3 Hatch before Pool 

Get SALT Encoding   

  12  0:00  Drone  
  13  0:13  Overlord  
  13  0:18  Drone  
  14  0:32  Drone  
  14  0:33  Drone  
  16  0:39  Drone  
  17  0:55  Hatchery  
  16  1:04  Drone  
  17  1:14  Drone  
  18  1:24  Hatchery  
  17  1:29  Drone, Extractor  
  17  1:42  Spawning Pool  
  17  1:46  Drone  
  17  1:50  Drone  
  19  1:54  Drone  
  19  1:57  Drone  
  20  2:07  Overlord  
  21  2:08  Drone  
  21  2:18  Drone x2  
  23  2:28  Drone  
  23  2:29  Queen  
  26  2:35  Metabolic Boost  
  27  2:38  Queen  
  27  2:43  Drone  
  30  2:44  Drone  
  30  2:49  Drone  
  33  2:51  Drone  
  33  2:53  Drone  
  34  3:02  Overlord  
  34  3:04  Drone  
  35  3:09  Lair  
  35  3:13  Drone  
  35  3:16  Overlord  
  35  3:19  Queen  
  36  3:22  Overlord  
  38  3:28  Extractor  
  37  3:37  Zergling x10  
  37  3:38  Zergling x2  
  43  3:45  Drone  
  43  3:46  Drone x3  
  48  3:48  Drone  
  48  3:55  Pneumatized Carapace  
  48  3:57  Evolution Chamber  
  48  4:00  Drone  
  48  4:01  Drone  
  49  4:04  Baneling Nest  
  49  4:06  Drone, Extractor  
  48  4:10  Spine Crawler  
  48  4:15  Drone x2  
  49  4:19  Zergling x2  
  49  4:21  Zergling x6  
  49  4:22  Zergling x2  
  53  4:28  Drone  
  53  4:30  Queen  
  56  4:32  Zergling x2  
  56  4:37  Zergling x2  
  57  4:41  Zergling x2  
  58  4:49  Zergling x2  
  58  4:52  Zergling x2  
  60  4:54  Baneling x4  
  60  4:55  Zergling x2, Baneling  
  60  4:57  Overlord  
  59  5:05  Baneling x2  
  58  5:09  Drone  
  58  5:10  Drone  
  58  5:12  Overlord  
  58  5:16  Drone x3  
  58  5:17  Drone  
  62  5:22  Hatchery  
  62  5:24  Overlord  
  60  5:34  Drone  
  60  5:35  Drone x3, Overlord  
  64  5:37  Zerg Missile Weapons Level 1  
  64  5:39  Hydralisk Den  
  64  5:41  Baneling x3  
  63  5:47  Zergling x8  
  67  5:56  Zergling x2  
  64  6:03  Zergling x4  
  63  6:09  Drone  
  63  6:10  Drone x2  
  64  6:11  Muscular Augments  
  64  6:12  Hydralisk  
  64  6:15  Hydralisk  
  68  6:19  Overseer  
  68  6:21  Hydralisk  
  68  6:25  Hydralisk  
  70  6:31  Hydralisk  
  73  6:36  Hydralisk  
  75  6:43  Overlord  
  75  6:46  Overlord  
  75  6:48  Hydralisk x2  
  75  6:50  Baneling x6  
  79  7:05  Overlord  
  79  7:07  Overlord  
  77  7:12  Overlord  
  77  7:14  Drone x4  
  77  7:15  Drone x3  
  83  7:23  Hydralisk x2  
  83  7:26  Hydralisk  
  89  7:30  Drone, Queen  
  89  7:32  Drone  
  93  7:37  Hydralisk  
  93  7:39  Hydralisk  
  93  7:44  Hydralisk  
  97  7:48  Hydralisk x4  
  107  7:53  Overlord  
  107  7:55  Spine Crawler x3  
  107  7:56  Hydralisk, Spine Crawler  
  105  8:04  Hydralisk  
  106  8:11  Hydralisk  
  108  8:13  Overlord  
  108  8:14  Hydralisk  
  108  8:19  Overlord  
  109  8:23  Zergling x4  
  109  8:24  Overlord x2  
  109  8:26  Overseer  
  111  8:28  Overlord  
  111  8:32  Zergling x2  
  111  8:33  Zergling x2  
  113  8:38  Hydralisk  
  113  8:39  Hydralisk x2  
  119  8:46  Zergling x2  
  119  8:47  Zergling x4  
  119  8:48  Zergling x6  
  125  8:51  Zergling x2  
  125  8:53  Zergling x4  
  125  8:54  Zergling x2  
  129  9:01  Drone x2  
  129  9:02  Zergling x6  
  134  9:04  Zergling x2  
  135  9:10  Drone x2  
  135  9:11  Extractor, Baneling  
  135  9:12  Zerg Missile Weapons Level 2, Hydralisk, Extractor  
  135  9:14  Zergling x6  
  140  9:17  Spore Crawler  
  140  9:19  Spore Crawler  
  140  9:21  Spore Crawler  
  140  9:22  Drone  
  140  9:24  Spine Crawler  
  137  9:34  Zergling x2  
  137  9:35  Zergling x10  
  137  9:36  Drone, Centrifical Hooks  
  137  9:37  Drone  
  144  9:44  Drone x2  
  136  9:54  Zergling x2  
  136  9:55  Overlord  
  136  9:56  Drone x3  
  136  9:59  Overlord  
  136  10:00  Drone x2  
  136  10:04  Overlord  
  134  10:14  Zergling x2  
  134  10:18  Zergling x8  
  131  10:22  Zergling x2  
  131  10:23  Zergling x4  
  131  10:25  Zergling x6  
  118  10:29  Drone x4  
  106  10:39  Hydralisk x5  
  103  10:46  Hydralisk  
  103  10:47  Hydralisk x2  
  105  10:56  Hydralisk  
  102  11:00  Hydralisk  
  102  11:01  Hydralisk  
  100  11:04  Drone  
  100  11:06  Overlord  
  100  11:07  Drone  
  102  11:13  Zergling x6  
  105  11:19  Overlord  
  105  11:24  Zergling x6  
  105  11:25  Zergling x2, Hatchery  
  108  11:30  Drone x2, Extractor  
  108  11:31  Overlord  
  109  11:37  Zerg Ground Armor Level 1  
  109  11:38  Zergling x8  
  113  11:40  Drone  
  114  11:51  Baneling x5  
  114  11:53  Baneling  
  114  11:54  Baneling x10  
  114  11:56  Zergling x2  
  114  11:57  Zergling x10  
  120  12:01  Drone  
  120  12:02  Drone  
  120  12:04  Drone  
  120  12:06  Hydralisk x2  
  126  12:12  Hydralisk x2  
  130  12:18  Hydralisk x2  
  130  12:19  Hydralisk  
  128  12:34  Hydralisk x4  
  128  12:35  Hydralisk  
  126  12:40  Hydralisk  
  126  12:47  Zergling x4  
  126  12:48  Overlord  
  126  12:50  Drone  
  126  12:51  Drone x2  
  130  12:53  Overlord  
  130  12:55  Drone  
  130  12:56  Overlord  
  131  12:59  Drone x4  
  131  13:05  Zergling x8  
  139  13:08  Drone x2  
  139  13:09  Zergling x2  
  139  13:10  Zergling x2  
  143  13:16  Hydralisk x3  
  149  13:22  Overlord  
  147  13:28  Hydralisk  
  147  13:29  Hydralisk x2  
  147  13:30  Baneling x2  
  147  13:32  Baneling x2  
  153  13:43  Hydralisk x2  
  153  13:44  Hydralisk x4  
  149  13:49  Hydralisk  
  149  13:50  Hydralisk  
  149  13:51  Hydralisk  
  149  13:53  Zergling x4  
  147  14:04  Baneling  
  147  14:05  Baneling x7  
  147  14:06  Hydralisk x4  
  147  14:08  Drone  
  156  14:14  Zergling x8  
  156  14:16  Overlord  
  157  14:21  Hydralisk  
  157  14:22  Hydralisk  
  156  14:28  Zergling x10  
  156  14:29  Zergling x4  
  159  14:32  Drone  
  159  14:35  Extractor x2  
  159  14:36  Spore Crawler  
  159  14:37  Zergling x2  
  159  14:38  Zergling x2, Spine Crawler x2  
  157  14:40  Zergling x4  
  157  14:41  Baneling  
  157  14:42  Baneling x5  
  157  14:43  Baneling x2  
  157  14:44  Baneling  
  157  14:45  Baneling  
  159  14:46  Baneling  
  159  14:49  Baneling  
  159  14:50  Baneling x7  
  159  14:51  Baneling  
  157  14:55  Baneling x6  
  117  15:26  Drone x7  
  117  15:27  Drone x2  
Show
View Real Time Build Order
Export as new Build Order

NonY Protoss 

Build Orders:  

Get SALT Encoding   

  12  0:01  Probe (Chrono Boost)  
  13  0:11  Probe (Chrono Boost)  
  14  0:19  Pylon  
  14  0:23  Probe (Chrono Boost)  
  15  0:36  Assimilator  
  15  0:38  Probe (Chrono Boost)  
  16  0:46  Gateway  
  16  0:49  Probe (Chrono Boost)  
  17  0:59  Probe (Chrono Boost)  
  18  1:10  Probe (Chrono Boost)  
  19  1:22  Probe (Chrono Boost)  
  20  1:30  Assimilator  
  20  1:32  Probe (Chrono Boost), Zealot  
  21  1:33  Cybernetics Core  
  21  1:38  Pylon  
  23  1:57  Probe (Chrono Boost)  
  24  2:01  Zealot  
  24  2:07  Probe (Chrono Boost)  
  27  2:11  Twilight Council  
  27  2:14  Warp Gate  
  27  2:18  Probe (Chrono Boost)  
  27  2:22  Gateway  
  28  2:24  Pylon  
  28  2:28  Probe (Chrono Boost)  
  29  2:45  Resonating Glaives  
  29  2:53  Nexus  
  29  2:58  Sentry  
  31  3:01  Probe (Chrono Boost)  
  32  3:13  Gateway  
  32  3:14  Probe (Chrono Boost)  
  32  3:16  Sentry  
  35  3:22  Pylon  
  35  3:25  Probe (Chrono Boost)  
  36  3:29  Sentry  
  38  3:35  Probe (Chrono Boost)  
  39  3:46  Probe (Chrono Boost)  
  40  3:54  Robotics Facility  
  40  3:57  Probe (Chrono Boost)  
  41  4:07  Probe (Chrono Boost)  
  43  4:10  Probe (Chrono Boost)  
  43  4:18  Probe (Chrono Boost)  
  43  4:21  Adept x3  
  43  4:22  Probe (Chrono Boost)  
  51  4:33  Probe (Chrono Boost)  
  51  4:34  Probe (Chrono Boost)  
  51  4:38  Immortal  
  53  4:44  Pylon  
  57  4:47  Gateway  
  50  5:03  Probe (Chrono Boost)  
  50  5:04  Sentry  
  50  5:05  Probe (Chrono Boost)  
  49  5:16  Probe (Chrono Boost)  
  49  5:18  Probe (Chrono Boost)  
  47  5:32  Probe (Chrono Boost)  
  47  5:34  Probe (Chrono Boost)  
  49  5:36  Immortal  
  49  5:41  Assimilator  
  53  5:43  Probe (Chrono Boost)  
  53  5:45  Assimilator  
  53  5:46  Probe (Chrono Boost)  
  55  5:51  Zealot  
  55  5:53  Probe (Chrono Boost)  
  57  5:58  Probe (Chrono Boost)  
  50  6:10  Probe (Chrono Boost)  
  50  6:12  Probe (Chrono Boost)  
  50  6:14  Stalker x2  
  50  6:15  Stalker  
  56  6:21  Probe (Chrono Boost), Immortal  
  56  6:24  Probe (Chrono Boost)  
  58  6:32  Probe (Chrono Boost)  
  63  6:36  Probe (Chrono Boost)  
  63  6:37  Pylon  
  64  6:43  Probe (Chrono Boost)  
  65  6:49  Probe (Chrono Boost)  
  65  6:53  Probe (Chrono Boost)  
  67  7:01  Probe (Chrono Boost)  
  68  7:02  Immortal  
  68  7:04  Probe (Chrono Boost)  
  71  7:12  Pylon  
  71  7:13  Probe (Chrono Boost), Pylon  
  71  7:14  Probe (Chrono Boost)  
  73  7:16  Stalker  
  73  7:18  Stalker  
  77  7:25  Probe (Chrono Boost)  
  77  7:29  Gateway x2  
  78  7:33  Sentry x2  
  82  7:41  Adept  
  82  7:42  Adept  
  86  7:58  Stalker x2  
  90  8:07  Probe (Chrono Boost)  
  90  8:09  Probe (Chrono Boost)  
  88  8:20  Adept x2  
  88  8:23  Warp Prism  
  94  8:40  Pylon  
  94  8:51  Pylon  
  94  9:02  Mothership Core (Chrono Boost)  
  96  9:08  Adept x3  
  96  9:09  Adept x3  
  108  9:13  Pylon  
  108  9:24  Nexus  
  108  9:29  Probe (Chrono Boost)  
  108  9:30  Pylon  
  108  9:31  Probe (Chrono Boost)  
  104  9:56  Adept  
  104  9:57  Adept x5  
  110  10:00  Probe (Chrono Boost)  
  110  10:01  Probe (Chrono Boost)  
  110  10:02  Immortal  
  110  10:09  Templar Archives  
  110  10:11  Forge  
  104  10:25  Adept x3  
  72  10:38  Adept x3  
  70  10:52  Adept x2  
  70  10:53  Adept  
  76  11:00  Adept x2  
  76  11:04  Protoss Ground Weapons Level 1  
  78  11:05  Probe (Chrono Boost)  
  78  11:06  Probe (Chrono Boost)  
  78  11:07  Probe (Chrono Boost)  
  81  11:14  High Templar x2  
  85  11:27  Assimilator, Archon  
  85  11:30  Probe x2 (Chrono Boost)  
  85  11:31  Assimilator, Probe (Chrono Boost)  
  88  11:33  Pylon  
  88  11:38  Observer  
  89  11:41  Probe x2 (Chrono Boost)  
  89  11:43  Probe (Chrono Boost)  
  92  11:54  Adept  
  92  11:55  Adept x5  
  92  12:00  Pylon  
  98  12:17  High Templar x2  
  98  12:18  Adept x4  
  98  12:21  Archon  
  82  12:46  Adept x4  
  82  12:48  Immortal  
  82  12:50  High Templar x2  
  94  12:55  Archon  
  98  13:08  Adept x4  
  98  13:34  High Templar x2  
  104  13:40  Archon  
  99  13:47  Immortal  
  93  13:51  Adept x3  
  93  13:52  Adept  
  99  14:09  Adept  
  100  14:10  Adept  
  100  14:14  Adept x4  
  108  14:23  Probe (Chrono Boost)  
  106  14:25  Probe x2 (Chrono Boost)  
  106  14:38  Mothership Core (Chrono Boost)  
  54  15:23  Adept x6  
  54  15:24  Probe (Chrono Boost)  
  54  15:25  Probe (Chrono Boost)  
  54  15:26  Probe (Chrono Boost)  
Tags
 
Add a new tag
Caveats
  • Supply blocks, unpowered buildings, or Contaminate may cause inaccurate times.
  • Supply counts are checked every 10 seconds.